 Dungeon Crawl Stone Soup version 0.25.1-2-g60ff931df9 (webtiles) character file.

Game seed: 9251300625492566613

19 alexpussydestroyer the Ducker (level 2, -1/14 HPs)
             Began as a Felid Berserker on Oct 30, 2020.
             Was a Follower of Trog.
             Slain by a kobold
             ... wielding a +0 whip of freezing
              (7 damage)
             ... on level 1 of the Dungeon.
             The game lasted 00:02:57 (612 turns).

alexpussydestroyer the Ducker (Felid Berserker)      Turns: 612, Time: 00:02:58

Health: -1/14      AC:  1    Str: 13    XL:     2   Next: 55%
Magic:  3/3        EV: 19    Int:  8    God:    Trog [*.....]
Gold:   48         SH:  0    Dex: 15    Spells: 1/1 levels left
                                        Lives:  0   Deaths: 0

rFire    . . .     SeeInvis +     - Unarmed
rCold    . . .     Gourm    .   (shield unavailable)
rNeg     . . .     Faith    .   (armour unavailable)
rPois    .         Spirit   .   (helmet unavailable)
rElec    .         Reflect  .   (cloak unavailable)
rCorr    .         Harm     .   (gloves unavailable)
MR       .....                  (boots unavailable)
Stlth    ++........             (no amulet)
HPRegen  0.04/turn              (no ring)
MPRegen  0.08/turn              (no ring)

@: quick
A: very small, no armour, no weapons or thrown items, stealth, claws 1, fangs 3,
see invisible, carnivore, speed 1, shaggy fur 1, slow metabolism 1, sharp paws
a: Berserk, Renounce Religion


You were on level 1 of the Dungeon.
You worshipped Trog.
Trog was aware of your devotion.
You were completely stuffed.

You visited 1 branch of the dungeon, and saw 1 of its levels.

You collected 48 gold pieces.

Inventory:

Hand Weapons
 h - a +0 mace
Scrolls
 f - a scroll of teleportation {unknown}
 i - 2 scrolls of remove curse {unknown}
 j - a scroll of identify {unknown}
Potions
 b - a potion of lignification {unknown}
 c - a potion of degeneration {unknown}
 d - 2 potions of brilliance {unknown}
 e - 2 potions of heal wounds {unknown}
 k - a potion of flight {unknown}
Comestibles
 a - 2 rations
 g - 5 chunks of flesh


   Skills:
 + Level 3.2 Fighting
 + Level 4.2 Dodging
 + Level 0.8 Stealth
 + Level 3.3 Unarmed Combat


You had one spell level left.
You didn't know any spells.
Your spell library was empty.

Dungeon Overview and Level Annotations

Branches:
Dungeon (1/15)

Altars:


Innate Abilities, Weirdness & Mutations

You cannot wear armour.
You are incapable of wielding weapons or throwing items.
Your paws allow you to move quietly. (Stealth)
You have sharp claws.
You have razor-sharp teeth.
You have supernaturally acute eyesight. (SInv)
You are carnivorous and can eat meat at any time.
You cover ground quickly.
You are covered in fur. (AC +1)
You have a slow metabolism.
Your sharp claws are effective at attacking unaware monsters.


Message History

A kobold comes into view. It is wielding a +0 whip of freezing.
The kobold moves out of view.
A rat comes into view.
The kobold hits you with a +0 club.
You closely miss the kobold. The kobold hits you but does no damage.
You claw the kobold!
You kill the kobold!
Trog accepts your kill. The kobold closely misses you. The rat bites you.
You see here a +0 club.
The rat bites you.
Found 15 stones and a scroll labeled TYJARO XOIMO.
You closely miss the rat. Your bite misses the rat. The kobold misses you.
The rat bites you.
You scratch the rat.
You kill the rat!
Trog accepts your kill.
The kobold hits you with a +0 whip of freezing!
Ouch! That really hurt!
You die...

(?. .. ... .. .. ..# .# .#.# ###
#.##.# ## ...# #.. .....#. #..
#..# #.# ##..... #...###..# #.#
#..... #.....@.## #.# #...#
######.K.###.# #...#
################......?###...###.
..........................>).....
.###########.###....#.####...###.
.## #######.# #....#.####..#####
..# #.......# #....#.#..#.......
..# #.####### #......#..#.######
..## #.#### #...#..#..#...#


You could see a kobold.

Vanquished Creatures
  A leopard gecko (D:1)
  5 bats (D:1)
  A giant cockroach (D:1)
  3 goblins (D:1)
  3 hobgoblins (D:1)
  A frilled lizard (D:1)
  2 kobolds (D:1)
  A rat (D:1)
17 creatures vanquished.

Notes
Turn   | Place    | Note
-------+----------+-------------------------------------------
     0 | D:1      | alexpussydestroyer the Felid Berserker began the quest for
                  | the Orb.
     0 | D:1      | Reached XP level 1. HP: 10/10 MP: 2/2
   201 | D:1      | Reached XP level 2. HP: 14/14 MP: 3/3
   612 | D:1      | Slain by a kobold

Illustrated notes

Levels and vault maps discovered:
D:1:      grunt_arrival_crossed_arrows, layout_basic, minmay_tall_x

Action                   || total
-------------------------++-------
Melee: Unarmed           ||    36
       Bite              ||     3
 Stab: Sleeping          ||     4
  Eat: Chunk             ||     7
Armor: Skin              ||     4
Dodge: Dodged            ||    23
